Map: Cerulean Fall LE

Players

FightingFrog - Winner!

  • Race: Protoss Protoss
  • League: Master
  • Spawn Location: 7:00

WoodedMicrob

  • Race: Terran Terran
  • League: Grandmaster
  • Spawn Location: 1:00

VOD

Have the link to the VOD?

Description

Time

  • Played on: Dec. 2, 2018, 5:57 a.m.
  • Length: 10:35
Show
View Real Time Build Order
Export as new Build Order

FightingFrog Protoss - Winner!

Build Orders: 1 Gate Expand, Phoenix Opening, Blink Stalkers 

Get SALT Encoding   

  12  0:00  Probe  
  13  0:12  Probe  
  14  0:17  Pylon  
  14  0:24  Probe  
  15  0:35  Probe  
  15  0:37  Gateway  
  15  0:42  Assimilator  
  16  0:43  Probe  
  17  0:51  Probe  
  18  1:03  Probe  
  19  1:15  Probe  
  20  1:24  Nexus  
  20  1:35  Cybernetics Core  
  20  1:37  Probe  
  21  1:43  Assimilator  
  21  1:50  Probe  
  22  1:54  Pylon  
  22  2:02  Probe  
  22  2:03  Adept  
  23  2:13  Warp Gate  
  23  2:14  Probe  
  26  2:19  Twilight Council  
  26  2:26  Probe  
  26  2:27  Sentry  
  27  2:37  Probe  
  30  2:38  Probe  
  30  2:42  Blink  
  31  2:44  Gateway  
  31  2:49  Probe  
  31  2:50  Probe  
  31  2:51  Adept  
  35  3:00  Phoenix  
  35  3:01  Probe  
  35  3:02  Probe  
  37  3:13  Probe  
  37  3:16  Probe  
  39  3:21  Stalker  
  39  3:25  Probe, Pylon  
  42  3:28  Probe  
  42  3:31  Stalker  
  45  3:37  Probe  
  46  3:43  Probe  
  47  3:49  Probe  
  47  3:54  Nexus  
  47  3:55  Probe  
  49  4:01  Probe  
  49  4:02  Pylon  
  50  4:07  Probe  
  51  4:11  Pylon  
  51  4:13  Probe  
  51  4:15  Stalker  
  54  4:18  Assimilator  
  54  4:20  Pylon  
  54  4:21  Stalker  
  54  4:22  Probe  
  57  4:29  Robotics Facility  
  57  4:30  Probe  
  58  4:34  Probe  
  58  4:38  Stalker  
  61  4:42  Probe, Phoenix  
  61  4:45  Stalker  
  64  4:48  Probe  
  63  4:56  Probe  
  63  5:00  Probe  
  63  5:06  Stalker  
  65  5:08  Probe  
  65  5:10  Probe  
  65  5:12  Probe  
  68  5:20  Probe  
  69  5:22  Probe  
  69  5:23  Pylon  
  70  5:28  Robotics Facility  
  70  5:29  Probe  
  70  5:32  Robotics Bay  
  70  5:33  Probe  
  70  5:34  Probe  
  72  5:41  Probe  
  72  5:42  Stalker  
  75  5:43  Stalker  
  75  5:45  Probe  
  75  5:46  Probe  
  79  5:54  Pylon  
  79  5:55  Probe  
  80  5:57  Probe  
  80  6:02  Gateway  
  81  6:04  Colossus  
  81  6:07  Zealot x2  
  81  6:08  Gateway  
  81  6:10  Shield Battery  
  85  6:11  Pylon  
  85  6:14  Colossus  
  85  6:18  Probe  
  90  6:27  Zealot x2  
  90  6:30  Pylon  
  94  6:33  Assimilator  
  94  6:37  Pylon  
  94  6:39  Pylon  
  100  6:43  Forge  
  100  6:45  Gateway  
  100  6:49  Pylon  
  100  6:52  Zealot x2  
  102  7:03  Probe  
  102  7:05  Zealot x2  
  102  7:06  Probe  
  92  7:15  Probe, Warp Prism x2  
  93  7:16  Gravitic Drive  
  93  7:18  Protoss Ground Weapons Level 1  
  93  7:19  Probe  
  93  7:20  Stalker x2  
  93  7:22  Probe  
  99  7:27  Probe  
  98  7:33  Gateway  
  98  7:35  Gateway x2, Assimilator  
  98  7:37  Pylon  
  98  7:38  Sentry  
  98  7:41  Sentry, Zealot, Assimilator  
  104  7:46  Charge  
  104  7:47  Zealot x2  
  108  7:52  Probe x2  
  110  7:59  Gateway  
  110  8:01  Gateway  
  110  8:04  Gateway  
  110  8:07  Zealot  
  110  8:08  Zealot x3  
  110  8:09  Pylon  
  118  8:13  Probe x3  
  118  8:17  Colossus  
  127  8:24  Pylon  
  127  8:25  Probe x2  
  129  8:36  Probe  
  129  8:40  Pylon  
  130  8:44  Sentry, Stalker x2  
  130  8:45  Stalker x4  
  130  8:46  Stalker  
  146  9:02  Zealot x3  
  148  9:04  Probe  
  148  9:05  Probe  
  138  9:10  Probe  
  138  9:11  Zealot x6  
  147  9:17  Probe  
  147  9:23  Stalker x2  
  147  9:24  Probe, Stalker x3  
  159  9:32  Zealot x3  
  157  9:48  Stalker x5  
  159  9:58  Stalker  
  159  9:59  Stalker x2  
  165  10:05  Pylon  
  165  10:08  Pylon  
  165  10:10  Pylon  
  165  10:11  Pylon  
  145  10:29  Stalker x2  
  145  10:30  Stalker x9  
Show
View Real Time Build Order
Export as new Build Order

WoodedMicrob Terran 

Build Orders: Liberator Opening 

Get SALT Encoding   

  12  0:01  SCV  
  13  0:13  SCV  
  14  0:17  Supply Depot  
  14  0:25  SCV  
  14  0:28  Refinery  
  15  0:39  SCV  
  16  0:46  Barracks  
  16  0:51  SCV  
  17  1:03  SCV  
  18  1:15  SCV  
  19  1:29  SCV  
  20  1:36  Reaper  
  21  1:41  Orbital Command  
  21  1:54  Command Center  
  21  2:02  Factory  
  21  2:08  SCV  
  22  2:09  Barracks Reactor  
  22  2:16  Supply Depot  
  22  2:20  SCV  
  23  2:23  Refinery  
  23  2:38  SCV  
  24  2:46  Hellion, Starport  
  24  2:50  SCV, Marine x2  
  29  3:02  SCV  
  30  3:07  Orbital Command  
  30  3:08  Marine  
  32  3:13  Widow Mine  
  32  3:14  SCV  
  35  3:26  SCV, Marine x2  
  37  3:28  Medivac  
  37  3:33  SCV  
  40  3:35  Factory Tech Lab  
  40  3:39  SCV  
  41  3:43  Supply Depot  
  41  3:45  SCV, Marine x2  
  41  3:48  Liberator  
  44  3:51  SCV  
  45  3:57  SCV  
  46  4:06  Barracks  
  46  4:07  Factory Tech Lab  
  46  4:09  SCV  
  50  4:10  SCV  
  50  4:11  Barracks  
  50  4:14  Supply Depot  
  50  4:15  Marine  
  52  4:17  Marine  
  52  4:21  SCV  
  54  4:25  SCV, Refinery  
  54  4:30  Engineering Bay  
  55  4:32  Factory Tech Lab  
  55  4:33  SCV  
  55  4:37  SCV  
  55  4:38  Marine x2  
  59  4:46  SCV  
  60  4:54  Stimpack  
  60  4:55  Siege Tank, Marauder  
  58  5:01  SCV  
  58  5:04  Combat Shield  
  58  5:06  Marauder, Marine x2  
  58  5:09  Starport Reactor  
  58  5:17  SCV x2  
  62  5:21  Marauder  
  62  5:25  Marine x2  
  64  5:29  SCV, Marauder  
  64  5:31  SCV  
  64  5:33  Supply Depot  
  68  5:40  Supply Depot  
  68  5:41  Supply Depot  
  68  5:44  Marine  
  68  5:45  Siege Tank, Marine x2  
  68  5:47  Medivac  
  68  5:48  SCV x2  
  78  5:54  Marine  
  79  5:59  Refinery  
  79  6:02  Supply Depot  
  79  6:03  SCV x2  
  81  6:05  Terran Infantry Weapons Level 1  
  81  6:06  Marine x3  
  84  6:15  SCV  
  87  6:18  Marauder  
  87  6:23  SCV  
  85  6:26  Siege Tank  
  88  6:34  Marauder, Marine x2  
  88  6:36  Command Center  
  88  6:38  SCV  
  93  6:40  SCV  
  93  6:42  Concussive Shells  
  94  6:52  SCV  
  95  7:00  Marauder, Marine  
  95  7:01  Marauder, Marine  
  90  7:11  Medivac  
  90  7:12  Medivac  
  90  7:13  SCV  
  94  7:15  Barracks  
  94  7:16  Barracks  
  81  7:29  Marauder x2, Marine x2  
  81  7:30  Siege Tank  
  81  7:31  SCV x2  
  81  7:35  Liberator  
  86  7:37  Factory  
  86  7:40  Liberator  
  86  7:43  SCV x2  
  88  7:48  Orbital Command  
  88  7:52  Marauder x2  
  88  7:55  SCV x2  
  100  8:06  Terran Infantry Armor Level 1  
  100  8:07  SCV  
  100  8:09  SCV  
  100  8:12  Refinery, Barracks Reactor  
  102  8:13  Barracks Tech Lab, Marine x2  
  102  8:16  Missile Turret  
  102  8:19  SCV x2  
  106  8:21  SCV  
  106  8:23  Marine x2  
  106  8:24  Siege Tank  
  112  8:31  SCV x2, Marine, Factory Tech Lab  
  112  8:33  SCV  
  116  8:37  Supply Depot  
  116  8:39  Supply Depot  
  116  8:40  Refinery  
  116  8:42  Marine x2  
  116  8:44  Barracks Reactor  
  113  8:57  Marine  
  113  9:01  Marine  
  102  9:11  Marine x3  
  102  9:15  Siege Tank, Marine  
  94  9:22  Siege Tank  
  89  9:27  Marine x2  
  89  9:29  Marauder, Marine  
  89  9:33  Marine  
  77  9:39  Marine  
  77  9:44  Marine  
  77  9:45  Marine  
  50  9:55  Marauder  
  50  9:56  Marine  
  50  9:57  Marauder, Marine  
  45  10:11  Marine  
Tags
 
Add a new tag
Caveats
  • Supply blocks, unpowered buildings, or Contaminate may cause inaccurate times.
  • Supply counts are checked every 10 seconds.